 Dungeon Crawl Stone Soup version 0.23-a0-136-g722f094 (webtiles) character file.

9147 rjrrt the Markscentaur (level 11, -2/97 HPs)
             Began as a Centaur Hunter on Aug 27, 2018.
             Was a High Priest of Okawaru.
             Slain by a minotaur (9 damage)
             ... in a labyrinth on Aug 28, 2018.
             The game lasted 00:26:04 (11510 turns).

rjrrt the Markscentaur (Centaur Hunter)            Turns: 11510, Time: 00:26:04

Health: -2/97      AC: 22    Str: 18    XL:     11   Next: 19%
Magic:  4/14       EV: 10    Int: 10    God:    Okawaru [*****.]
Gold:   239        SH:  0    Dex: 10    Spells: 10/10 levels left

rFire    . . .     SeeInvis .   b - +5 dagger (venom)
rCold    . . .     Gourm    .   (no shield)
rNeg     . . .     Faith    +   j - +0 scale mail
rPois    +         Spirit   .   s - +0 helmet
rElec    .         Reflect  .   (no cloak)
rCorr    .         Harm     .   F - +2 pair of gloves
MR       .....                  p - +3 centaur barding
Stlth    +.........             J - amulet of faith
HPRegen  0.26/turn              w - ring of poison resistance
MPRegen  0.14/turn              K - +2 ring of evasion (curse)

@: heroism, finesse, very quick
A: large, hooves 3, deformed body, speed 2, tough skin 3
a: Heroism, Finesse, Renounce Religion


You were in a labyrinth.
You worshipped Okawaru.
Okawaru was extremely pleased with you.
You were very full.

You visited 3 branches of the dungeon, and saw 10 of its levels.
You also visited: Labyrinth.

You collected 382 gold pieces.
You spent 143 gold pieces at shops.

Inventory:

Hand Weapons
 a - a +1 shortbow
 b - a +5 dagger of venom (weapon)
 e - a +0 war axe
 u - a +2 dire flail of protection
Missiles
 d - 158 arrows
Armour
 j - a +0 scale mail (worn)
 p - a +3 centaur barding (worn)
 s - a +0 helmet (worn)
 F - a +2 pair of gloves (worn)
Jewellery
 i - the cursed necklace of Bloodlust {*Rage +Rage MR++ Int-3 Slay+6 *Curse}
   (You found it on level 6 of the Dungeon)

   [amulet of rage]

   It affects your intelligence (-3).
   It affects your accuracy and damage with ranged weapons and melee attacks
   (+6).
   It affects your resistance to hostile enchantments.
   It lets you go berserk.
   It may make you go berserk in combat.
   It curses itself when equipped.
   It has a curse placed upon it.
 w - a ring of poison resistance (left hand)
 J - an amulet of faith (around neck)
 K - a cursed +2 ring of evasion (right hand)
Wands
 c - a wand of paralysis (11)
 t - a wand of disintegration (15)
 y - a wand of polymorph (19)
 C - a wand of digging (22)
 D - a wand of acid (15)
 H - a wand of flame (20)
 I - a wand of scattershot (7)
Scrolls
 g - 2 scrolls of fog
 q - 3 scrolls of amnesia
 B - a scroll of teleportation
 E - 3 scrolls of remove curse
 G - a scroll of blinking
Potions
 h - 6 potions of curing
 l - 2 potions of agility
 m - 3 potions of magic
 n - 2 potions of might {unknown}
 o - 4 potions of mutation {unknown}
 r - a potion of degeneration {unknown}
 v - 3 potions of lignification
 x - a potion of invisibility
 z - a potion of cancellation {unknown}
 A - 3 potions of brilliance {unknown}
Comestibles
 f - 16 rations


   Skills:
 + Level 9.2(14.2) Fighting
 * Level 16.1(21.1) Bows
 + Level 5.3(10.3) Armour
 - Level 1.3(6.3) Dodging
 - Level 0.4(5.4) Stealth
 + Level 4.5 Invocations


You had 10 spell levels left.
You didn't know any spells.
Your spell library contained the following spells:

 Spells                   Type           Power        Failure   Level  Hunger
 Corona                   Hex            #......      67%         1    ##.....
 Flame Tongue             Conj/Fire      #....        67%         1    ##.....
 Ensorcelled Hibernation  Hex/Ice        #.....       82%         2    ###....
 Throw Flame              Conj/Fire      #.....       82%         2    ###....
 Confuse                  Hex            #.......     96%         3    ####...
 Conjure Flame            Conj/Fire      #.......     96%         3    ####...
 Dazzling Spray           Conj/Hex       #.....       96%         3    ####...
 Inner Flame              Hex/Fire       #.......     96%         3    ####...
 Tukima's Dance           Hex            #.......     96%         3    ####...
 Sticky Flame             Conj/Fire      #.......     100%        4    #####..
 Fireball                 Conj/Fire      #.........   100%        5    ######.


Dungeon Overview and Level Annotations

Branches:
Dungeon (8/15)             Temple (1/1) D:4            Lair (1/6) D:8

Altars:
Ashenzari
Cheibriados
Dithmenos
Elyvilon
Fedhas
Gozag
Hepliaklqana
Makhleb
Nemelex Xobeh
Okawaru
Qazlal
Ru
Sif Muna
Trog
Vehumet
Wu Jian
Xom
Yredelemnul
The Shining One

Shops:
D:5 !

Annotations:
D:4 2 transporters, Adhene's ghost, amateur SpEn
D:5 1 runed door, mordus's ghost, novice SpEn


Innate Abilities, Weirdness & Mutations

You have hooves in place of feet.
Armour fits poorly on your strangely shaped body.
You cover ground very quickly.
You have extremely tough skin. (AC +3)


Message History

The minotaur throws a steel javelin.
The steel javelin hits you!!
You see here a steel javelin.
The minotaur throws a steel javelin.
The steel javelin barely misses you.
You see here a steel javelin.
You gain the combat prowess of a mighty hero.
The minotaur throws a steel javelin.
The steel javelin hits you!!
* * * LOW HITPOINT WARNING * * *
You can now deal lightning-fast blows.
Unknown command.
You hit the minotaur but do no damage.
The minotaur is poisoned.
You kick the minotaur.
The minotaur is lightly wounded.
Unknown command.
You barely miss the minotaur.
The minotaur furiously retaliates!
The minotaur headbutts you!
* * * LOW HITPOINT WARNING * * *
Your kick misses the minotaur.
The minotaur is lightly wounded.
The minotaur hits you!
You die...

. . .# +# # #
#.## . # ...##
# ### # . # ##
....... . #....
#........ .
#.#####.###.###
# . #....( .# #
# # # #H# #.###
. . # #@#. .#
### # #.#. # .
..#(..#.. . . #
###.## ..#. . .
#...# # # # #
###.# . #. .# ▓
▓ ▓


You could see a minotaur.

Vanquished Creatures
  A hydra (D:8)
  2 two-headed ogres (D:8)
  Erica (D:8)
  Joseph (D:7)
  An elephant (D:8)
  A black mamba (Lair:1)
  Prince Ribbit (D:7)
  2 dream sheep (D:8)
  A hippogriff (D:8)
  2 yaks (D:8)
  Menkaure (D:7)
  Edmund (D:4)
  Duvessa (D:6)
  A porcupine (Lair:1)
  A water moccasin (Lair:1)
  2 sky beasts
  An orc warrior (D:7)
  2 ice beasts
  A black bear (D:6)
  4 ogres
  5 wolves (Lair:1)
  2 centaurs
  3 crocodiles
  3 big kobolds (D:8)
  Blork the orc (D:6)
  2 bullfrogs
  A wyvern skeleton (D:6)
  Dowan (D:6)
  2 scorpions
  12 killer bees
  4 wights (D:8)
  2 howler monkeys (D:8)
  5 crimson imps
  4 orc wizards
  4 orc priests
  A centaur skeleton (D:8)
  2 hounds
  3 iguanas
  Ijyb (D:4)
  4 worker ants
  A killer bee zombie (D:6)
  A worker ant zombie (D:5)
  4 gnolls (D:4)
  6 adders
  3 shadow imps
  2 oozes
  An adder skeleton (D:8)
  2 adder zombies
  A worm (D:6)
  6 dart slugs
  A leopard gecko (D:8)
  17 orcs
  A ball python (D:1)
  7 bats
  A giant cockroach (D:3)
  8 goblins
  5 hobgoblins
  18 jackals
  9 kobolds
  3 quokkas
  4 frilled lizards
  A jackal zombie (D:6)
  2 leopard gecko skeletons (D:4)
  7 rats
201 creatures vanquished.

Notes
Turn   | Place    | Note
-------+----------+-------------------------------------------
     0 | D:1      | rjrrt the Centaur Hunter began the quest for the Orb.
     0 | D:1      | Reached XP level 1. HP: 17/17 MP: 1/1
    78 | D:1      | Upgraded the game from 0.23-a0-130-g0e7800e to
                  | 0.23-a0-136-g722f094
   153 | D:1      | Reached XP level 2. HP: 12/24 MP: 2/2
   267 | D:1      | Reached skill level 6 in Bows
   497 | D:1      | Reached XP level 3. HP: 7/30 MP: 3/3
  1291 | D:2      | Found a deep blue altar of Sif Muna.
  2125 | D:2      | Reached skill level 7 in Bows
  2125 | D:2      | Reached XP level 4. HP: 38/38 MP: 4/4
  2556 | D:3      | Reached XP level 5. HP: 45/45 MP: 5/5
  3188 | D:4      | Noticed Edmund
  3200 | D:3      | Reached skill level 8 in Bows
  3749 | D:4      | Found a transporter.
  3751 | D:4      | Noticed Adhene's ghost (amateur SpEn)
  3826 | D:4      | Reached XP level 6. HP: 47/52 MP: 6/6
  3906 | D:4      | Killed Edmund
  3906 | D:4      | Reached skill level 9 in Bows
  3967 | D:4      | Noticed Ijyb
  3969 | D:4      | Paralysed by Ijyb for 6 turns
  3986 | D:4      | Paralysed by Ijyb for 3 turns
  3990 | D:4      | Killed Ijyb
  4366 | D:4      | Reached XP level 7. HP: 60/60 MP: 7/7
  4442 | D:4      | Found a transporter.
  4462 | D:4      | Found a staircase to the Ecumenical Temple.
  4579 | Temple   | Entered the Ecumenical Temple
  4583 | Temple   | Became a worshipper of Warmaster Okawaru
  4655 | D:5      | Entered Level 5 of the Dungeon
  4655 | D:5      | Found Wiphoxt's Distillery.
  4682 | D:5      | Bought a potion of lignification for 39 gold pieces
  4682 | D:5      | Bought a potion of invisibility for 104 gold pieces
  4701 | D:5      | Reached skill level 10 in Bows
  4745 | D:5      | Reached skill level 5 in Fighting
  4890 | D:5      | Reached * piety under Okawaru
  4953 | D:5      | Found a glowing golden altar of the Shining One.
  4963 | D:5      | Found a shadowy altar of Dithmenos.
  4965 | D:5      | Found a bloodstained altar of Trog.
  5002 | D:5      | Noticed mordus's ghost (novice SpEn)
  5007 | D:5      | Found a runed door.
  5312 | D:5      | Reached skill level 1 in Invocations
  5387 | D:6      | Reached skill level 11 in Bows
  5387 | D:6      | Reached XP level 8. HP: 69/69 MP: 8/8
  5567 | D:6      | Found a snail-covered altar of Cheibriados.
  5569 | D:6      | Noticed Blork the orc
  5594 | D:6      | Killed Blork the orc
  5594 | D:6      | Reached skill level 1 in Armour
  5678 | D:6      | Found the cursed necklace of Bloodlust {*Rage +Rage MR++
                  | Int-3 Slay+6 *Curse}
  5680 | D:6      | Noticed Dowan
  5720 | D:6      | Killed Dowan
  6004 | D:6      | Found an ornate altar of the Wu Jian Council.
  6073 | D:6      | Noticed Duvessa
  6206 | D:6      | Killed Duvessa
  6206 | D:6      | Reached ** piety under Okawaru
  6306 | D:6      | Reached skill level 12 in Bows
  6687 | D:7      | Noticed Prince Ribbit
  6899 | D:7      | Killed Prince Ribbit
  6899 | D:7      | Reached XP level 9. HP: 56/78 MP: 11/11
  7094 | D:7      | Noticed Joseph
  7131 | D:7      | Killed Joseph
  7450 | D:7      | Noticed Menkaure
  7459 | D:7      | Killed Menkaure
  7581 | D:7      | Reached skill level 13 in Bows
  8626 | D:8      | Reached *** piety under Okawaru
  8807 | D:8      | Noticed a two-headed ogre
  8836 | D:8      | Killed a two-headed ogre
  8836 | D:8      | Reached skill level 14 in Bows
  8836 | D:8      | Reached XP level 10. HP: 75/88 MP: 11/13
  9249 | D:8      | Noticed an elephant
  9596 | D:8      | Reached **** piety under Okawaru
  9694 | D:8      | Found a staircase to the Lair.
  9727 | D:8      | Noticed a two-headed ogre
  9771 | D:8      | Killed a two-headed ogre
  9771 | D:8      | Received a gift from Okawaru
  9853 | D:8      | Killed an elephant
  9971 | D:8      | Reached skill level 15 in Bows
 10171 | D:8      | Noticed Erica
 10201 | D:8      | Killed Erica
 10201 | D:8      | Reached ***** piety under Okawaru
 10201 | D:8      | Received a gift from Okawaru
 10348 | D:8      | Received a gift from Okawaru
 10355 | D:8      | Reached skill level 5 in Armour
 10557 | D:8      | Noticed a three-headed hydra
 10609 | D:8      | Killed a three-headed hydra
 10609 | D:8      | Reached XP level 11. HP: 97/97 MP: 14/14
 10695 | Lair:1   | Entered Level 1 of the Lair of Beasts
 10829 | Lair:1   | Reached skill level 16 in Bows
 10887 | Lair:1   | Found a labyrinth entrance.
 10925 | Lab      | Entered a labyrinth
 11471 | Lab      | Noticed a minotaur
 11510 | Lab      | Slain by a minotaur

Vault maps used:
D:1:      minmay_arrival_nine_rooms, st_stairs_5, minivault_19,
          serial_bayou_pond_d, minmay_crystal_room
D:2:      overflow_temple_1_default
D:4:      minmay_temple_entry_glassed_door, gammafunk_ghost_stat_death,
          kennysheep_generic_room_6, uniq_ijyb, uniq_edmund
D:5:      minitemple, serial_shops, shop, first_ration,
          hellmonk_ghost_happy_afterlife
D:6:      kennysheep_slug_shrine, overflow_temple_1_default, uniq_duvessa,
          uniq_blork_the_orc
D:7:      uniq_prince_ribbit1, uniq_joseph, uniq_menkaure
D:8:      david_lair_generic, hangedman_ranch, uniq_erica
Temple:   nicolae_temple_x_marks_the_god
Lair:1:   beast_lair_carwin_large_3, lab_entry_generic,
          nicolae_quartered_pool_little, st_stairs_6, minmay_hedge_maze,
          worms_lemuel
Lab:      labyrinth_hidden_loot

Skill      XL: |  1  2  3  4  5  6  7  8  9 10 11 |
---------------+----------------------------------+-----
Bows           | 6 7 8 9 11 12 14 15 16 | 16.1
Fighting       | 3 4 5 6 7 9 |  9.2
Invocations    | 1 3 4 |  4.5
Armour         | 2 3 5 |  5.3
Dodging        | |  1.3
Stealth        | |  0.4

Action                   |  1- 3 |  4- 6 |  7- 9 | 10-12 || total
-------------------------+-------+-------+-------+-------++-------
Melee: Short sword       |    84 |       |       |       ||    84
       Kick              |    15 |    20 |    66 |    28 ||   129
       Spear             |    14 |    61 |       |       ||    75
       Trident           |       |    29 |       |       ||    29
       Dagger            |       |    52 |   255 |   119 ||   426
 Fire: Shortbow          |    24 |    38 |   123 |   150 ||   335
Invok: Heroism           |       |       |     3 |     7 ||    10
       Finesse           |       |       |       |     2 ||     2
  Use: Scroll            |       |     6 |     5 |     1 ||    12
       Potion            |       |       |     1 |     1 ||     2
  Eat: Chunk             |     2 |     6 |     7 |     5 ||    20
       Ration            |       |       |     2 |     2 ||     4
Armor: Leather armour    |    37 |   115 |       |       ||   152
       Scale mail        |       |     2 |   190 |   123 ||   315
Dodge: Dodged            |    49 |    61 |    70 |    68 ||   248

Table legend:
 A = Non-vault XP
 B = Vault XP
 C = Vault XP percentage of total XP
 D = Non-vault monster count
 E = Vault monster count
 F = Vault count percentage of total count
                 A         B        C        D         E       F
            +---------+---------+-------+---------+---------+-------
      Total |    7540 |    5528 |  42.3 |     175 |      26 |  12.9
            +---------+---------+-------+---------+---------+-------
        D:1 |      58 |       5 |   7.9 |      27 |       3 |  10.0
        D:2 |      70 |       0 |   0.0 |      11 |       0 |   0.0
        D:3 |     156 |       0 |   0.0 |      20 |       0 |   0.0
        D:4 |     295 |     212 |  41.8 |      21 |       3 |  12.5
        D:5 |     586 |       0 |   0.0 |      13 |       0 |   0.0
        D:6 |     690 |     315 |  31.3 |      19 |       4 |  17.4
        D:7 |    1065 |     932 |  46.7 |      22 |       3 |  12.0
        D:8 |    3199 |    4064 |  56.0 |      33 |      13 |  28.3
     Lair:1 |    1421 |       0 |   0.0 |       9 |       0 |   0.0
            +---------+---------+-------+---------+---------+-------
